 Dungeon Crawl Stone Soup version 0.31.0-12-g77e489cdc1 (webtiles) character file.

Game seed: 221885415463607668

515 Gadfly the Covered (level 7, -2/57 HPs)
             Began as an Armataur Fighter on Feb 29, 2024.
             Killed by nerve-wracking pain
             ... invoked by Jessica
              (8 damage)
             ... on level 3 of the Dungeon.
             The game lasted 00:04:15 (2165 turns).

Gadfly the Covered (Armataur Fighter)               Turns: 2165, Time: 00:04:16

Health: -2/57      AC:  8    Str: 21    XL:     7   Next: 0%
Magic:  7/9        EV:  7    Int:  8    God:
Gold:   134        SH:  5    Dex: 12    Spells: 6/6 levels left

rFire   . . .        a - +1 flail
rCold   . . .        c - +0 buckler
rNeg    . . .        b - +0 scale mail
rPois   .            j - +0 helmet
rElec   .            (no cloak)
rCorr   .            (no gloves)
SInv    .            (no barding)
Will    .....        (no amulet) Stlth
                     (no ring)
HPRegen 0.29/turn    (no ring)
MPRegen 0.11/turn

%: roll
@: mighty
A: large, deformed body, tough skin 3, armoured tail, roll 2, mutation
resistance 1
a: no special abilities


You were on level 3 of the Dungeon.
You visited 1 branch of the dungeon, and saw 3 of its levels.

You collected 134 gold pieces.

Inventory:

Hand Weapons
 a - a +1 flail (weapon)
Armour
 b - a +0 scale mail (worn)
 c - a +0 buckler (worn)
 j - a +0 helmet (worn)
Wands
 e - a wand of polymorph (12) (quivered)
 f - a wand of iceblast (11)
Scrolls
 h - 3 scrolls of teleportation
 i - 2 scrolls of fear
 k - a scroll of silence
 m - a scroll of poison {unknown}
 n - a scroll of amnesia {unknown}
 o - 2 scrolls of blinking {unknown}
 p - a scroll of identify {unknown}
Potions
 l - a potion of degeneration {unknown}


   Skills:
 + Level 3.5 Fighting
 * Level 3.6 Maces & Flails
 + Level 4.5 Armour
 + Level 4.2 Shields
 * Level 3.1 Invocations
 * Level 3.1 Evocations


You had 6 spell levels left.
You didn't know any spells.
Your spell library contained the following spells:

 Spells                   Type           Power      Damage    Failure   Level
 Tukima's Dance           Hex            0%         N/A       99%         3
 Passage of Golubria      Tloc           0%         N/A       100%        4
 Yara's Violent Unravell  Hex/Alch       0%         3d3       100%        5


Dungeon Overview and Level Annotations

Branches:
Dungeon (3/15)

Altars:

Portals:
Sewer: D:3

Annotations:
D:3 Jessica


Innate Abilities, Weirdness & Mutations

Armour fits poorly on your strangely shaped body.
You have extremely tough skin. (AC +3)
You have a long armoured tail.
You regenerate magic and health when rolling toward enemies. (Rampage Regen)
You are somewhat resistant to further mutation.


Message History

You are too injured to fight recklessly!
You are too injured to fight recklessly!
You are too injured to fight recklessly!
You are too injured to fight recklessly!
You are too injured to fight recklessly!
You are too injured to fight recklessly!
You are too injured to fight recklessly!
You are too injured to fight recklessly!
You barely miss Grinder. You closely miss Grinder.
Grinder hits you but does no damage.
You closely miss Grinder. Grinder hits you.
You writhe in agony.
Grinder hits you.
* * * LOW HITPOINT WARNING * * *
You writhe in agony.
* * * LOW HITPOINT WARNING * * *
It was a potion of mutation.
You feel extremely strange.
You feel genetically stable. Grinder hits you but does no damage.
You feel very mighty all of a sudden.
Grinder zaps a wand.
The puff of flame hits you but does no damage.
You thump Grinder!
Grinder is moderately wounded.
Grinder zaps a wand.
The puff of flame hits you.
* * * LOW HITPOINT WARNING * * *
You sock Grinder!
Grinder is heavily wounded.
You block Grinder's attack.
You hit Grinder. You tail-slap Grinder!
You kill Grinder!
Your Invocations skill increases to level 3!
Your Evocations skill increases to level 3!
You have reached level 7!
You begin to regenerate health when rolling toward enemies.
You hit Jessica.
Jessica is moderately wounded.
Jessica hits you but does no damage. Jessica gestures at you while chanting.
Pain shoots through your body!
You die...

# #...~~~ .. # .
.##....~ ... ## ..
...... .... ##. ...
#... ..... ##..
....##(.##...... #...
...?.5......# #.##
###.##..##### ##.##
#.†###############....
#.#†@@........†.....##
#..##############...##
##.###############...##
#....................##
#.#######.########..###
#.# #.# #... . #.#
#.#########.### #.#
#...........# #.#
#############


You could see Jessica.

Vanquished Creatures
  Grinder (D:3)
  A bombardier beetle (D:3)
  Natasha (thrice) (D:2)
  Ijyb (D:3)
  Terence (D:2)
  An orc wizard (D:3)
  Robin (D:3)
  4 adders
  A gnoll (D:1)
  2 ribbon worms (D:2)
  5 bats
  7 endoplasms
  2 giant cockroaches
  17 goblins
  9 hobgoblins
  2 jackals (D:1)
  8 kobolds
  3 quokkas
  3 ball pythons
  4 frilled lizards
  9 rats
85 creatures vanquished.

Notes
Turn   | Place    | Note
-------+----------+-------------------------------------------
     0 | D:1      | Gadfly the Armataur Fighter began the quest for the Orb.
     0 | D:1      | Reached XP level 1. HP: 18/18 MP: 1/1
    79 | D:1      | Reached XP level 2. HP: 25/25 MP: 2/2
   286 | D:1      | Reached skill level 1 in Invocations
   286 | D:1      | Reached skill level 1 in Evocations
   291 | D:1      | Reached XP level 3. HP: 19/30 MP: 3/3
   705 | D:2      | Noticed Natasha
   712 | D:2      | Killed Natasha
   713 | D:2      | Reached XP level 4. HP: 16/37 MP: 5/5
   862 | D:2      | Noticed Natasha
   876 | D:2      | Killed Natasha
  1123 | D:2      | Noticed Terence
  1128 | D:2      | Noticed Natasha
  1181 | D:2      | Killed Terence
  1182 | D:2      | Reached XP level 5. HP: 35/45 MP: 6/6
  1186 | D:2      | Killed Natasha
  1573 | D:3      | Noticed Robin
  1577 | D:3      | Killed Robin
  1650 | D:3      | Noticed Ijyb
  1681 | D:3      | HP: 1/45 [Ijyb/+0 club (5)]
  1685 | D:3      | Killed Ijyb
  1804 | D:3      | Reached XP level 6. HP: 37/51 MP: 7/7
  2113 | D:3      | Noticed Grinder
  2113 | D:3      | Noticed Jessica
  2147 | D:3      | Found a glowing drain.
  2147 | D:3      | Paralysed by Grinder for 3 turns
  2160 | D:3      | Gained mutation: You are somewhat resistant to further
                  | mutation. [potion of mutation]
  2164 | D:3      | Killed Grinder
  2165 | D:3      | Gained mutation: You regenerate magic and health when
                  | rolling toward enemies. (Rampage Regen) [Armataur growth]
  2165 | D:3      | Reached XP level 7. HP: 5/57 MP: 7/9
  2165 | D:3      | Killed from afar by Jessica

Illustrated notes

Levels and vault maps discovered:
D:1:      mainiacjoe_arrival_oval_in_oval, layout_rooms
D:2:      layout_loops_ring, uniq_natasha, uniq_terence
D:3:      layout_loops_ring, portal_sewer_entry_a, uniq_jessica, uniq_robin,
          uniq_ijyb, uniq_grinder

Skill      XL: |  1  2  3  4  5  6 |
---------------+-------------------+-----
Maces & Flails | 2 3 |  3.6
Invocations    | 1 2 3 |  3.1
Evocations     | 1 2 3 |  3.1
Fighting       | 3 |  3.5
Armour         | 4 |  4.5
Shields        | 4 |  4.2

Action                     |  1- 3 |  4- 6 |  7- 9 || total
---------------------------+-------+-------+-------++-------
  Melee: Flail             |   104 |   149 |     1 ||   254
         Tailslap          |    12 |    12 |       ||    24
         Unarmed           |       |     4 |       ||     4
    Use: Scroll            |     2 |     3 |       ||     5
         Potion            |       |     4 |       ||     4
 Armour: Scale mail        |   114 |   165 |     1 ||   280
         Skin              |       |     2 |       ||     2
  Dodge: Dodged            |    62 |    40 |       ||   102
  Block: Buckler           |    23 |    49 |       ||    72
